AoeStats
← BeUt33

Arabia

503870967Analyzed
1v1 RM · 28d ago on Sep 2, 2026· 37m 29s· 2 players
Game mode
Random Map
Map size
Tiny (2 player)
Population
200
Speed
Normal
Resources
Standard
Victory
Conquest
Starting age
Dark Age
Ending age
Imperial Age
RankedLock teamsTeams togetherTeam positionsShared explorationLock speedFull tech treeHidden civsTurbo modeCheats
Victory
Defeat
🇬🇧 Ethiopians · United Kingdom
957
+16
🇫🇷 Khmer · France
956
-16
BeUt33
1:47 Loom
11:29 Feudal Age
12:01 Horse Collar
15:36 Town Watch
18:37 Castle Age
17:18 Fletching
20:07 Elite Skirmisher
21:54 Wheelbarrow
23:03 Padded Archer Armor
25:41 Town Patrol
Lots of Clicking
10:13 Feudal Age
12:35 Double-Bit Axe
12:38 Loom
19:10 Castle Age
18:23 Fletching
19:13 Crossbowman
20:45 Wheelbarrow
20:28 Padded Archer Armor
26:55 Gold Mining
31:43 Hand Cart
38:16 Imperial Age
Connection lost

Rejoining the realm…

Still unreachable

The connection could not be restored.

Session expired

The server has moved on; the page needs a fresh start.